 Dungeon Crawl Stone Soup version 0.29.1-12-g30fa7ad0bf (webtiles) character file.

Game seed: 2640976843856350077

6 kingsuperguy the Chopper (level 1, -2/20 HPs)
             Began as a Hill Orc Monk on Dec 19, 2022.
             Slain by a kobold
             ... wielding a +0 club
              (3 damage)
             ... on level 1 of the Dungeon.
             The game lasted 00:00:14 (193 turns).

kingsuperguy the Chopper (Hill Orc Monk)             Turns: 193, Time: 00:00:15

Health: -2/20      AC:  2    Str: 13    XL:     1   Next: 90%
Magic:  1/1        EV: 12    Int: 10    God:
Gold:   9          SH:  0    Dex: 13    Spells: 0/0 levels left

rFire   . . .      SeeInvis .   a - +0 hand axe
rCold   . . .      Faith    .   (no shield)
rNeg    . . .      Spirit   .   b - +0 robe
rPois   .          Reflect  .   (no helmet)
rElec   .          Harm     .   (no cloak)
rCorr   .          Rampage  .   (no gloves)
Will    .....                   (no boots)
Stlth   ++........              (no amulet)
HPRegen 0.06/turn               (no ring)
MPRegen 0.07/turn               (no ring)

@: no status effects
A: no striking features
a: no special abilities


You were on level 1 of the Dungeon.
You visited 1 branch of the dungeon, and saw 1 of its levels.

You collected 9 gold pieces.

Inventory:

Hand Weapons
 a - a +0 hand axe (weapon)
Armour
 b - a +0 robe (worn)
Scrolls
 e - a scroll of silence {unknown}
 f - a scroll of teleportation {unknown}
Potions
 c - a potion of ambrosia
 d - a potion of heal wounds {unknown}


   Skills:
 + Level 3.7 Fighting
 + Level 4.2 Axes
 + Level 2.5 Dodging
 + Level 1.6 Stealth


You couldn't memorise any spells.
You didn't know any spells.
Your spell library was empty.

Dungeon Overview and Level Annotations

Branches:
Dungeon (1/15)

Altars:


Message History

The bat closely misses you.
You hit the hobgoblin but do no damage. The bat closely misses you.
The hobgoblin hits you.
The kobold throws a stone.
The stone hits you but does no damage.
You are too injured to fight recklessly!
You are too injured to fight recklessly!
You are too injured to fight recklessly!
You are too injured to fight recklessly!
You are too injured to fight recklessly!
You are too injured to fight recklessly!
You hit the hobgoblin.
You kill the hobgoblin!
The bat misses you.
A bat comes into view.
The bat barely misses you. The bat closely misses you.
You see here a hobgoblin corpse.
You are too injured to fight recklessly!
You are too injured to fight recklessly!
You are too injured to fight recklessly!
Unknown command.
You closely miss the bat. The bat hits you but does no damage.
The bat misses you. The bat attacks as you move away! The bat misses you.
Found a gold piece.
The bat hits you but does no damage. The bat barely misses you.
The kobold hits you with a +0 club.
You hit the kobold.
The kobold is moderately wounded.
You hit the bat.
You kill the bat!
The bat hits you.
* * * LOW HITPOINT WARNING * * *
The kobold hits you with a +0 club.
* * * LOW HITPOINT WARNING * * *
The bat hits you but does no damage. The bat closely misses you.
You closely miss the kobold.
The kobold is moderately wounded.
You closely miss the bat. You hit the bat but do no damage. The bat hits you.
* * * LOW HITPOINT WARNING * * *
The bat closely misses you. The kobold hits you with a +0 club.
You die...

.. ..$$ ######### ....
##### #.......#
#..###... #........ #
#......# #..?....
#.##......######....#
.......b..........(#####
#...††.......†..##...
#...@...........###.#
#...K...............#
#...b...........###.#
#.......#####...# #..
#.......# #######..
..!......# #...
........## #...
.........# #...
........# #...


You could see 2 bats and a kobold.

Vanquished Creatures
  2 bats (D:1)
  A goblin (D:1)
  A hobgoblin (D:1)
  A frilled lizard (D:1)
5 creatures vanquished.

Notes
Turn   | Place    | Note
-------+----------+-------------------------------------------
     0 | D:1      | kingsuperguy the Hill Orc Monk began the quest for the Orb.
     0 | D:1      | Reached XP level 1. HP: 19/19 MP: 1/1
   193 | D:1      | HP: 1/20 [bat (1)]
   193 | D:1      | Slain by a kobold

Illustrated notes

Levels and vault maps discovered:
D:1:      reono_arrival_mine, layout_basic,
          hellmonk_ecumenical_altar_pennies_from_heaven

Action                   || total
-------------------------++-------
Melee: Hand axe          ||    19
 Stab: Sleeping          ||     1
Armor: Robe              ||     5
Dodge: Dodged            ||    28
